 Dungeon Crawl Stone Soup version 0.25-a0-55-g0753fd1ad2 (webtiles) character file.

Game seed: 6430637678268148611, levelgen mode: deterministic

400 Arixos the Slasher (level 6, -1/33 HPs)
             Began as a Vine Stalker Monk on Oct 25, 2019.
             Slain by an ogre
             ... wielding a +0 giant club
              (18 damage)
             ... on level 5 of the Dungeon.
             The game lasted 00:11:51 (2917 turns).

Arixos the Slasher (Vine Stalker Monk)              Turns: 2917, Time: 00:11:51

Health: -1/33      AC:  7    Str: 15    XL:     6   Next: 84%
Magic:  0/7        EV: 13    Int: 10    God:
Gold:   165        SH:  0    Dex: 17    Spells: 5/5 levels left

rFire    . . .     SeeInvis .   a - +0 falchion
rCold    . . .     Gourm    .   (no shield)
rNeg     . . .     Faith    .   h - +0 leather armour
rPois    .         Spirit   +   (no helmet)
rElec    .         Reflect  .   (no cloak)
rCorr    +         Harm     .   o - +0 pair of gloves
MR       .....                  g - +2 pair of boots
Stlth    ++........             (no amulet)
HPRegen  0.51/turn              v - ring of resist corrosion
MPRegen  0.10/turn              B - ring of flight

@: no status effects
A: fangs 2, regeneration 1, magic shield, antimagic bite, no potion heal 3, rot
immunity
a: Evoke Flight


You were on level 5 of the Dungeon.
You were not hungry.

You visited 1 branch of the dungeon, and saw 5 of its levels.

You collected 165 gold pieces.

Inventory:

Hand Weapons
 a - a +0 falchion (weapon)
 y - a +2 dagger of venom
Armour
 g - a +2 pair of boots (worn)
 h - a +0 leather armour (worn)
 o - a +0 pair of gloves (worn)
Jewellery
 v - a ring of resist corrosion (left hand)
 B - a ring of flight (right hand)
Wands
 A - a wand of digging (5)
Scrolls
 b - a scroll of fear
 d - 2 scrolls of enchant armour
 e - 9 scrolls of identify
 i - a scroll of enchant weapon {unknown}
 j - a scroll of immolation {unknown}
 l - a scroll of remove curse
 m - a scroll of amnesia {unknown}
 n - 2 scrolls of magic mapping {unknown}
 q - 2 scrolls of fog {unknown}
 u - a scroll of teleportation {unknown}
Potions
 f - a potion of degeneration {unknown}
 k - a potion of magic {unknown}
 p - a potion of mutation {unknown}
 r - a potion of heal wounds {unknown}
 s - 2 potions of cancellation {unknown}
 w - a potion of lignification {unknown}
 z - a potion of might {unknown}
Comestibles
 c - 5 rations
 t - a chunk of flesh


   Skills:
 + Level 3.8 Fighting
 * Level 4.7 Long Blades
 + Level 2.2 Armour
 + Level 3.5 Dodging
 - Level 2.4 Stealth


You had 5 spell levels left.
You didn't know any spells.
Your spell library was empty.

Dungeon Overview and Level Annotations

Branches:
Dungeon (5/15)
 Temple: D:4-7

Altars:
Hepliaklqana
Nemelex Xobeh
Qazlal
Vehumet
Xom
Yredelemnul

Annotations:
D:5 Edmund


Innate Abilities, Weirdness & Mutations

You have extremely sharp teeth.
Your natural rate of healing is unusually fast.
When hurt, damage is shared between your health and your magic reserves.
Your bite disrupts and absorbs the magic of your enemies.
Potions cannot restore your health.
You are immune to rotting.


Message History

The ooze hits you but does no damage.
You slash the ooze!
You kill the ooze!
Eating one of 2 chunks of flesh.
You eat one of the 2 chunks of flesh.
This raw flesh tastes terrible.
q - 2 scrolls labeled XUCROQELUGI (gained 1) Edmund the Younger comes into view.
He is wielding a +4 flail of crushing.
Unknown command.
An ogre comes into view. It is wielding a +0 giant club.
You completely miss the ogre. The ogre completely misses you.
You hit the ogre.
The ogre is lightly wounded.
The ogre hits you with a +0 giant club!
You hit the ogre but do no damage. You bite the ogre. You drain its power.
You feel invigorated.
The ogre is moderately wounded.
The ogre hits you with a +0 giant club!
The ogre hits you with a +0 giant club!!
Ouch! That really hurt!
You die...

#........#
#........#
#........#
#.......)########
#................
#.........#######
#######.#.#
#.#.######
#.#.#@...#
#.#.#.O..#
#.#.#....#
#.#.#....##
#.#......(#
#.###..>..########
..# #.............
#......######
#......#<#


You could see an ogre.

Vanquished Creatures
  A phantom (D:4)
  A scorpion (D:5)
  A jelly (D:5)
  A gnoll shaman (D:3)
  A worker ant (D:4)
  A hound zombie (D:5)
  A hound skeleton (D:4)
  4 gnolls (D:4)
  4 adders
  An ooze (D:5)
  A worm (D:2)
  3 dart slugs
  6 leopard geckos
  An orc (D:5)
  4 bats
  7 giant cockroaches
  6 goblins
  7 hobgoblins
  2 jackals (D:1)
  4 kobolds
  3 quokkas
  A ball python (D:1)
  4 frilled lizards
  6 rats
71 creatures vanquished.

Notes
Turn   | Place    | Note
-------+----------+-------------------------------------------
     0 | D:1      | Arixos the Vine Stalker Monk began the quest for the Orb.
     0 | D:1      | Reached XP level 1. HP: 11/11 MP: 2/2
   124 | D:1      | Reached XP level 2. HP: 16/16 MP: 3/3
   252 | D:1      | Reached skill level 3 in Long Blades
   308 | D:1      | Reached XP level 3. HP: 19/19 MP: 4/4
   595 | D:2      | Found a basalt altar of Yredelemnul.
   659 | D:2      | Reached skill level 1 in Armour
  1478 | D:3      | Gained mutation: Your natural rate of healing is unusually
                  | fast. [Vine Stalker growth]
  1478 | D:3      | Reached XP level 4. HP: 20/24 MP: 5/5
  1605 | D:3      | Found a stormy altar of Qazlal.
  1786 | D:3      | Found a sparkling altar of Nemelex Xobeh.
  1912 | D:4      | Found a hazy altar of Hepliaklqana.
  1913 | D:4      | Found a shimmering altar of Xom.
  1913 | D:4      | Noticed a thorn hunter
  1914 | D:4      | Noticed a thorn hunter
  1914 | D:4      | Noticed a spectral ugly thing
  1966 | D:4      | Noticed a phantom
  2077 | D:3      | HP: 1/24 [gnoll shaman/+0 whip (5)]
  2129 | D:3      | Reached XP level 5. HP: 19/28 MP: 4/6
  2205 | D:4      | Found a radiant altar of Vehumet.
  2490 | D:4      | Killed a phantom
  2490 | D:4      | Reached skill level 4 in Long Blades
  2490 | D:4      | Reached XP level 6. HP: 30/32 MP: 5/7
  2790 | D:5      | Entered Level 5 of the Dungeon
  2884 | D:5      | Noticed Edmund
  2917 | D:5      | Slain by an ogre

Levels and vault maps discovered:
D:1:      nagdon_arrival_double_spiral, layout_basic, minmay_tetromino_o4
D:2:      layout_basic, first_ration, minmay_tree_intersection,
          yredelemnul_altar_generic
D:3:      layout_rooms, lemuel_coloured_pillars_altar, grunt_qazlal_sundering
D:4:      layout_basic, regret_index_temple_of_mockery, vehumet_crystals,
          minivault_27, kennysheep_generic_room_3
D:5:      layout_basic, uniq_duvessa, uniq_edmund

Table legend:
 A = Non-vault XP
 B = Vault XP
 C = Vault XP percentage of total XP
 D = Non-vault monster count
 E = Vault monster count
 F = Vault count percentage of total count
                 A         B        C        D         E       F
            +---------+---------+-------+---------+---------+-------
      Total |     565 |       7 |   1.2 |      68 |       3 |   4.2
            +---------+---------+-------+---------+---------+-------
        D:1 |      37 |       7 |  15.9 |      19 |       3 |  13.6
        D:2 |      27 |       0 |   0.0 |      15 |       0 |   0.0
        D:3 |     103 |       0 |   0.0 |      16 |       0 |   0.0
        D:4 |     254 |       0 |   0.0 |      13 |       0 |   0.0
        D:5 |     144 |       0 |   0.0 |       5 |       0 |   0.0
            +---------+---------+-------+---------+---------+-------
